 Dungeon Crawl Stone Soup version 0.28.0-43-g3370ac3207 (webtiles) character file.

Game seed: 2923642264521874498

133 Ablot the Grasshopper (level 5, 0/43 HPs)
             Began as a Gnoll Warper on Mar 5, 2022.
             Slain by an adder (2 damage)
             ... on level 6 of the Dungeon.
             The game lasted 00:02:42 (3179 turns).

Ablot the Grasshopper (Gnoll Warper)                Turns: 3179, Time: 00:02:42

Health: 0/43       AC:  4    Str: 12    XL:     5   Next: 16%
Magic:  12/12      EV: 12    Int: 13    God:
Gold:   67         SH:  0    Dex: 11    Spells: 12/14 levels left

rFire   . . .      SeeInvis .   a - +0 spear
rCold   . . .      Faith    .   (no shield)
rNeg    . . .      Spirit   .   b - +0 leather armour
rPois   .          Reflect  .   (no helmet)
rElec   .          Harm     .   r - +0 cloak
rCorr   .          Rampage  .   (no gloves)
Will    .....                   (no boots)
Stlth   +.........              (no amulet)
HPRegen 0.14/turn               (no ring)
MPRegen 0.13/turn               (no ring)

@: lethally poisoned (0 -> -3)
A: fangs 1, strong nose, distributed training
a: no special abilities


You were on level 6 of the Dungeon.
You visited 1 branch of the dungeon, and saw 4 of its levels.

You collected 67 gold pieces.

Inventory:

Hand Weapons
 a - a +0 spear (weapon)
 o - a +0 hunting sling
Missiles
 d - 5 boomerangs of dispersal (quivered)
 e - 150 stones
 k - 31 arrows
Armour
 b - a +0 leather armour (worn)
 r - a +0 cloak (worn)
Jewellery
 w - a +6 ring of strength
Wands
 u - a wand of flame (4)
Scrolls
 c - a scroll of blinking
 f - 2 scrolls of teleportation {unknown}
 g - a scroll of holy word {unknown}
 h - 2 scrolls of noise {unknown}
 i - 2 scrolls of identify {unknown}
 l - a scroll of vulnerability {unknown}
 m - a scroll of enchant armour {unknown}
 p - a scroll of fear {unknown}
 t - a scroll of silence {unknown}
Potions
 j - 2 potions of flight {unknown}
 n - 2 potions of haste {unknown}
 q - a potion of degeneration {unknown}
 s - a potion of curing {unknown}
 v - a potion of brilliance {unknown}


   Skills:
 + Level 4.7 Fighting
 + Level 1.4 Short Blades
 + Level 1.4 Long Blades
 + Level 1.4 Axes
 + Level 1.4 Maces & Flails
 + Level 4.7 Polearms
 + Level 1.4 Staves
 + Level 1.4 Slings
 + Level 1.4 Bows
 + Level 1.4 Crossbows
 + Level 2.9 Throwing
 + Level 2.9 Armour
 + Level 4.7 Dodging
 + Level 1.4 Stealth
 + Level 1.4 Shields
 + Level 1.4 Unarmed Combat
 + Level 5.1 Spellcasting
 + Level 1.1 Conjurations
 + Level 1.1 Hexes
 + Level 1.1 Summonings
 + Level 1.1 Necromancy
 + Level 5.5 Translocations
 + Level 1.1 Transmutations
 + Level 1.1 Fire Magic
 + Level 1.1 Ice Magic
 + Level 1.1 Air Magic
 + Level 1.1 Earth Magic
 + Level 1.1 Poison Magic
 + Level 1.5 Invocations
 + Level 1.4 Evocations


You had 12 spell levels left.
You knew the following spells:

 Your Spells              Type           Power      Damage    Failure   Level
a - Blink                 Tloc           34%        N/A       3%          2

Your spell library contained the following spells:

 Spells                   Type           Power      Damage    Failure   Level
 Gell's Gravitas          Tloc           17%        N/A       7%          3
 Lesser Beckoning         Tloc           17%        N/A       7%          3
 Teleport Other           Tloc           17%        N/A       7%          3
 Pain                     Necr           24%        1d5       14%         1
 Manifold Assault         Tloc           17%        N/A       54%         5
 Agony                    Necr           6%         N/A       99%         5
 Excruciating Wounds      Necr           3%         N/A       99%         5


Dungeon Overview and Level Annotations

Branches:
Dungeon (3/15)

Altars:
Gozag


Innate Abilities, Weirdness & Mutations

You have very sharp teeth.
Your uncanny sense of smell can sniff out nearby items.
Your experience applies equally to all skills.


Message History

The adder misses you. The bullfrog hits you.
You feel stable enough to blink again. The adder misses you.
The phantom closely misses you. The adder barely misses you.
The bullfrog hits you. The phantom barely misses you.
The ogre closely misses you.
You see here 11 gold pieces.
The adder closely misses you.
There is a fountain of clear blue water here.
The adder bites you but does no damage. The adder barely misses you.
The adder bites you but does no damage.
The bullfrog hits you but does no damage.
The adder barely misses you. The bullfrog hits you.
The adder barely misses you. The bullfrog barely misses you.
The bullfrog hits you.
There is an opulent altar of Gozag here.
The bullfrog barely misses you. The bullfrog hits you.
* * * LOW HITPOINT WARNING * * *
The bullfrog hits you but does no damage.
The bullfrog hits you.
* * * LOW HITPOINT WARNING * * *
The bullfrog closely misses you. The bullfrog barely misses you.
The adder bites you.
* * * LOW HITPOINT WARNING * * *
You are lethally poisoned!
The adder poisons you!
* * * LOW HITPOINT WARNING * * *
You feel sick.
The bullfrog hits you but does no damage.
* * * LOW HITPOINT WARNING * * *
You feel sick.
The bullfrog snags a nearby fly with its tongue.
The bullfrog hits you but does no damage.
The adder bites you.
You die...

######## ..##...##
........## .........##
..........#######
.........W.n...S###
........##...O.F@.# #..
..##...###......#.......
...
######.###......########
..
#.....#####.....######.#
#.#n###..............#.##
#.._..#.........####....#
###.#.#.................+
#..W..#.........#.....##
#####.###.........#.###.#


You could see a phantom, an ogre, a necrophage, a bullfrog and an adder.

Vanquished Creatures
  A centaur zombie (D:6)
  5 adders (D:2)
  2 worms (D:2)
  6 ball pythons
  4 bats
  6 endoplasms
  5 giant cockroaches
  5 goblins
  6 hobgoblins
  2 jackals (D:1)
  A kobold (D:2)
  A frilled lizard (D:1)
  3 rats (D:2)
47 creatures vanquished.

Notes
Turn   | Place    | Note
-------+----------+-------------------------------------------
     0 | D:1      | Ablot the Gnoll Warper began the quest for the Orb.
     0 | D:1      | Reached XP level 1. HP: 20/20 MP: 6/6
   157 | D:1      | Reached XP level 2. HP: 16/26 MP: 7/7
   160 | D:1      | Learned a level 2 spell: Blink
   732 | D:1      | Found a faded altar of an unknown god.
  1007 | D:1      | Reached XP level 3. HP: 30/31 MP: 9/9
  1270 | D:1      | Reached skill level 5 in Spellcasting
  1420 | D:2      | Reached skill level 1 in Invocations
  1671 | D:2      | Reached skill level 1 in Short Blades
  1671 | D:2      | Reached skill level 1 in Long Blades
  1671 | D:2      | Reached skill level 1 in Axes
  1671 | D:2      | Reached skill level 1 in Maces & Flails
  1671 | D:2      | Reached skill level 1 in Staves
  1671 | D:2      | Reached skill level 1 in Slings
  1671 | D:2      | Reached skill level 1 in Bows
  1671 | D:2      | Reached skill level 1 in Crossbows
  1671 | D:2      | Reached skill level 1 in Stealth
  1671 | D:2      | Reached skill level 1 in Shields
  1671 | D:2      | Reached skill level 1 in Unarmed Combat
  1671 | D:2      | Reached skill level 1 in Evocations
  1671 | D:2      | Reached XP level 4. HP: 14/38 MP: 11/11
  2447 | D:2      | Reached skill level 1 in Conjurations
  2447 | D:2      | Reached skill level 1 in Hexes
  2447 | D:2      | Reached skill level 1 in Summonings
  2447 | D:2      | Reached skill level 1 in Necromancy
  2447 | D:2      | Reached skill level 1 in Transmutations
  2447 | D:2      | Reached skill level 1 in Fire Magic
  2447 | D:2      | Reached skill level 1 in Ice Magic
  2447 | D:2      | Reached skill level 1 in Air Magic
  2447 | D:2      | Reached skill level 1 in Earth Magic
  2447 | D:2      | Reached skill level 1 in Poison Magic
  3011 | D:3      | You fall into a shaft and drop 3 floors!
  3011 | D:6      | Found an opulent altar of Gozag.
  3020 | D:6      | Reached XP level 5. HP: 43/43 MP: 12/12
  3066 | D:6      | Noticed a phantom
  3084 | D:6      | Noticed a necrophage
  3117 | D:6      | Noticed an ogre
  3179 | D:6      | HP: 2/43 [poisoned by an adder]
  3179 | D:6      | Slain by an adder

Illustrated notes

Levels and vault maps discovered:
D:1:      zaba_arrival_water, layout_basic, hellmonk_ecumenical_altar_lost_god
D:2:      layout_basic, chequers_decorated_corner, lemuel_another_geyser
D:3:      layout_loops_ring
D:6:      layout_rooms, chequers_temple_overflow_minitemple,
          nicolae_gozag_cash_rules_everything_around_me,
          corexii_item_surrounded_by_moat, wad_floor_pattern_untrapped,
          uniq_eustachio

Skill      XL: |  1  2  3  4 |
---------------+-------------+-----
Spellcasting   | 5 |  5.1
Invocations    | 1 |  1.5
Short Blades   | 1 |  1.4
Long Blades    | 1 |  1.4
Axes           | 1 |  1.4
Maces & Flails | 1 |  1.4
Staves         | 1 |  1.4
Slings         | 1 |  1.4
Bows           | 1 |  1.4
Crossbows      | 1 |  1.4
Stealth        | 1 |  1.4
Shields        | 1 |  1.4
Unarmed Combat | 1 |  1.4
Evocations     | 1 |  1.4
Conjurations   | 1 |  1.1
Hexes          | 1 |  1.1
Summonings     | 1 |  1.1
Necromancy     | 1 |  1.1
Transmutations | 1 |  1.1
Fire Magic     | 1 |  1.1
Ice Magic      | 1 |  1.1
Air Magic      | 1 |  1.1
Earth Magic    | 1 |  1.1
Poison Magic   | 1 |  1.1
Fighting       | |  4.7
Polearms       | |  4.7
Throwing       | |  2.9
Armour         | |  2.9
Dodging        | |  4.7
Translocations | |  5.5

Action                   |  1- 3 |  4- 6 || total
-------------------------+-------+-------++-------
Melee: Spear             |   176 |    98 ||   274
       Punch             |     2 |       ||     2
       Bite              |    13 |     6 ||    19
 Cast: Blink             |       |     2 ||     2
 Stab: Sleeping          |     2 |     4 ||     6
Armor: Leather armour    |    33 |    35 ||    68
Dodge: Dodged            |   102 |    61 ||   163
